 Dungeon Crawl Stone Soup version 0.26.1-11-gd32895ea62 (webtiles) character file.

Game seed: 10332286078189348201

16951 octigp the Bludgeoner (level 12, -7/105 HPs)
             Began as a Minotaur Berserker on June 2, 2021.
             Was a High Priest of Trog.
             Mangled by a tyrant leech (16 damage)
             ... on level 1 of the Lair of Beasts.
             The game lasted 00:44:08 (13286 turns).

octigp the Bludgeoner (Minotaur Berserker)         Turns: 13286, Time: 00:44:09

Health: -7/105     AC: 16    Str: 28    XL:     12   Next: 14%
Magic:  3/3        EV: 10    Int:  4    God:    Trog [*****.]
Gold:   778        SH:  0    Dex:  9    Spells: 11/11 levels left

rFire    . . .     SeeInvis .   e - +5 great mace (antimagic)
rCold    . . .     Faith    .   (shield currently unavailable)
rNeg     . . .     Spirit   .   Q - +0 plate armour
rPois    .         Reflect  .   (helmet restricted)
rElec    .         Harm     .   (no cloak)
rCorr    .         Rampage  .   (no gloves)
Will     .....                  (no boots)
Stlth    ..........             (no amulet)
HPRegen  0.27/turn              (no ring)
MPRegen  0.08/turn              (no ring)

@: very slow
A: retaliatory headbutt, horns 2
a: Renounce Religion, Berserk, Trog's Hand, Brothers in Arms


You were on level 1 of the Lair of Beasts.
You worshipped Trog.
Trog was extremely pleased with you.
You visited 2 branches of the dungeon, and saw 12 of its levels.
You also visited: Ossuary.

You collected 778 gold pieces.

Inventory:

Hand Weapons
 a - a +5 dire flail
 e - a +5 antimagic great mace (weapon)
 l - a +0 hunting sling
 p - a +3 quarterstaff of chaos
 E - a +0 flail
 J - a +5 flail of protection
 L - a +0 hunting sling
Missiles
 m - 264 stones
 A - 10 javelins
 M - 42 sling bullets
Armour
 b - a +0 animal skin
 k - a +2 robe of willpower
 o - a +0 kite shield
 q - a +0 cloak
 t - a +0 ring mail
 C - a +0 chain mail
 D - a +0 scale mail
 I - a +1 robe of cold resistance
 Q - a +0 plate armour (worn)
 X - a +0 pair of gloves
Jewellery
 f - an uncursed amulet of guardian spirit
 r - an uncursed ring of fire
 x - an uncursed ring of ice
 y - a +4 ring of evasion {unknown}
 N - a +6 ring of intelligence {unknown}
 R - an uncursed ring of magical power {unknown}
Wands
 n - a wand of flame (25)
 G - a wand of acid (17)
 S - a wand of disintegration (28)
 T - a wand of random effects (5)
 W - a wand of enslavement (9)
 Y - a wand of iceblast (9)
Scrolls
 d - 8 scrolls of identify
 i - a scroll of random uselessness {unknown}
 j - 10 scrolls of remove curse {unknown}
 s - a scroll of enchant armour {unknown}
 u - 2 scrolls of enchant weapon {unknown}
 v - a scroll of immolation {unknown}
 w - 2 scrolls of fog {unknown}
 F - 3 scrolls of teleportation {unknown}
 P - a scroll of amnesia {unknown}
 U - 2 scrolls of noise {unknown}
 V - a scroll of magic mapping {unknown}
 Z - a scroll of brand weapon {unknown}
Potions
 c - 3 potions of curing {unknown}
 g - 5 potions of flight {unknown}
 h - a potion of invisibility {unknown}
 z - 3 potions of might {unknown}
 B - a potion of magic {unknown}
 H - 2 potions of haste
 K - 2 potions of lignification {unknown}
 O - 2 potions of attraction {unknown}


   Skills:
 + Level 9.4 Fighting
 * Level 16.2 Maces & Flails
 * Level 13.3 Armour
 + Level 5.2 Dodging


You had 11 spell levels left.
You didn't know any spells.
Your spell library was empty.

Dungeon Overview and Level Annotations

Branches:
Dungeon (11/15)            Temple (0/1) D:6            Lair (2/6) D:11
    Orc (0/2) D:11        Ossuary (visited)
  Swamp: Lair:2-4    Shoals: Lair:2-4     Snake: Lair:2-4    Spider: Lair:2-4

Altars:
Makhleb

Shops:
D:4 *


Innate Abilities, Weirdness & Mutations

You reflexively headbutt those who attack you in melee.
You have a pair of horns on your head.


Message History

The tyrant leech bites you but does no damage.
Your unstable footing causes you to fumble your attack.
You miss the tyrant leech.
The swamp worm fires a harpoon shot at you.
The harpoon shot hits you!
* * * LOW HITPOINT WARNING * * *
You are yanked forward by the harpoon shot.
Splash!
The tyrant leech bites you!
* * * LOW HITPOINT WARNING * * *
The tyrant leech draws strength from your injuries!
Found a twisted smoking staff.
Your unstable footing causes you to fumble your attack.
The swamp worm bites you but does no damage.
The tyrant leech closely misses you. You furiously retaliate!
You headbutt the tyrant leech. You closely miss the swamp worm.
The swamp worm bites you but does no damage.
The tyrant leech bites you!
You die...

......# ##...# ##..........#
......# #...## ##...........#
......## ##...# #≈≈≈≈≈.......##
.......####..#####≈≈≈≈≈≈≈.....##
.......##...####≈≈≈≈###≈≈≈≈....#
.......#....# #≈≈≈###≈###≈≈≈..##
.........#.## #≈≈P#≈≈≈≈≈##≈≈...#
.........### #≈≈w≈≈≈≈|≈ #≈≈..##
.......##### #w@P# #≈≈..#
.......#P#.####≈≈≈### ≈≈≈...
.......#..###...≈≈≈≈## ≈≈≈..##
..................≈≈≈≈≈
..#................≈≈≈≈≈
......................$.
........................
........................
.......................


You could see a tyrant leech and a swamp worm.

Vanquished Creatures
  Fannar (Lair:1)
  2 hydras (Lair:1)
  A two-headed ogre (D:10)
  A cyclops (D:11)
  An ugly thing (D:11)
  Joseph (D:7)
  Psyche (D:10)
  The ghost of Raikon the Firebug, a novice HOFE (D:5)
  3 komodo dragons (Lair:1)
  A polar bear (Lair:1)
  27 yaks
  A wraith (D:10)
  A wyvern (D:6)
  A basilisk (Lair:1)
  Menkaure (D:5)
  3 wargs (D:11)
  A swamp worm (Lair:1)
  Duvessa (D:7)
  3 water moccasins
  3 ice beasts (D:7)
  2 orc warriors
  2 phantoms
  4 sky beasts
  9 necrophages
  4 ogres
  3 centaurs
  Blork the orc (D:6)
  12 bullfrogs
  A water moccasin zombie (D:2)
  2 scorpions
  Dowan (D:7)
  A water moccasin skeleton (D:10)
  15 wights
  A howler monkey (D:7)
  3 centaur zombies
  2 bullfrog zombies (D:10)
  A jelly (D:7)
  2 quasits
  A centaur skeleton (D:4)
  3 orc priests
  Crazy Yiuf (D:2)
  10 hounds
  Jessica (D:2)
  4 orc wizards
  4 iguanas
  5 worker ants
  3 big kobold zombies (Ossuary)
  A hound zombie (D:11)
  8 mummies
  2 worker ant zombies (D:11)
  8 gnolls
  A howler monkey skeleton (D:4)
  15 adders
  4 shadow imps
  4 white imps
  An ufetubus (D:7)
  2 oozes
  2 adder skeletons
  3 worms
  2 dart slugs
  6 leopard geckos
  14 orcs
  8 bats
  6 giant cockroaches
  4 gnoll zombies (Ossuary)
  8 goblins
  5 hobgoblins
  8 jackals
  4 kobolds
  6 quokkas
  A ball python (D:2)
  2 frilled lizards
  A giant cockroach zombie (D:6)
  3 goblin zombies (Ossuary)
  2 hobgoblin zombies (Ossuary)
  A jackal skeleton (D:4)
  A leopard gecko skeleton (D:3)
  An orc zombie (Ossuary)
  A quokka zombie (D:5)
  6 rats
294 creatures vanquished.

Vanquished Creatures (others)
  A fungus (D:2)
  10 plants
11 creatures vanquished.

Grand Total: 305 creatures vanquished

Notes
Turn   | Place    | Note
-------+----------+-------------------------------------------
     0 | D:1      | octigp the Minotaur Berserker began the quest for the Orb.
     0 | D:1      | Reached XP level 1. HP: 19/19 MP: 0/0
   731 | D:1      | Reached skill level 4 in Maces & Flails
   733 | D:1      | Reached XP level 2. HP: 23/27 MP: 1/1
  1402 | D:2      | Reached XP level 3. HP: 33/33 MP: 2/2
  1675 | D:2      | Reached ** piety under Trog
  1678 | D:2      | Reached skill level 5 in Maces & Flails
  1930 | D:2      | Found a burning altar of Makhleb.
  1938 | D:2      | Reached XP level 4. HP: 36/41 MP: 3/3
  2013 | D:2      | Noticed Jessica
  2017 | D:2      | Killed Jessica
  2332 | D:2      | Reached skill level 6 in Maces & Flails
  2332 | D:2      | Reached XP level 5. HP: 46/47 MP: 4/4
  2579 | D:2      | Found a runed translucent door.
  2580 | D:2      | Noticed Crazy Yiuf
  2614 | D:2      | Killed Crazy Yiuf
  2615 | D:2      | Reached skill level 5 in Fighting
  2981 | D:3      | Found a faded altar of an unknown god.
  3356 | D:3      | Reached XP level 6. HP: 56/56 MP: 5/5
  3794 | D:4      | Reached skill level 7 in Maces & Flails
  3845 | D:4      | Found a sand-covered staircase.
  3854 | Ossuary  | Entered an ossuary
  3920 | Ossuary  | Reached *** piety under Trog
  4304 | D:4      | Found Lallewn's General Store.
  4446 | D:4      | Reached XP level 7. HP: 52/61 MP: 6/6
  5157 | D:5      | Entered Level 5 of the Dungeon
  5188 | D:5      | Found a glowing drain.
  5322 | D:5      | Reached skill level 8 in Maces & Flails
  5542 | D:5      | Found a runed translucent gate.
  5542 | D:5      | Found a runed translucent gate.
  5542 | D:5      | Found a runed translucent gate.
  5543 | D:5      | Noticed Raikon's ghost (novice HOFE)
  5561 | D:5      | Killed Raikon's ghost
  5562 | D:5      | Reached skill level 5 in Armour
  5668 | D:5      | Noticed Menkaure
  5674 | D:5      | Killed Menkaure
  5675 | D:5      | Reached XP level 8. HP: 69/69 MP: 7/7
  5754 | D:5      | Reached skill level 9 in Maces & Flails
  6656 | D:6      | Reached skill level 10 in Maces & Flails
  7032 | D:6      | Noticed Blork the orc
  7038 | D:6      | Killed Blork the orc
  7116 | D:6      | Reached **** piety under Trog
  7119 | D:6      | Reached XP level 9. HP: 73/75 MP: 8/8
  7225 | D:6      | Found a staircase to the Ecumenical Temple.
  7820 | D:7      | Noticed Joseph
  7836 | D:7      | Killed Joseph
  7837 | D:7      | Reached skill level 11 in Maces & Flails
  8369 | D:7      | Noticed Dowan
  8371 | D:7      | Noticed Duvessa
  8374 | D:7      | Killed Dowan
  8382 | D:7      | Killed Duvessa
  8383 | D:7      | Reached skill level 12 in Maces & Flails
  9015 | D:8      | Reached XP level 10. HP: 67/84 MP: 9/9
  9124 | D:8      | You fall into a shaft and drop 2 floors!
  9124 | D:10     | Entered Level 10 of the Dungeon
  9129 | D:10     | Reached skill level 5 in Dodging
  9148 | D:10     | Noticed Psyche
  9157 | D:10     | Killed Psyche
  9158 | D:10     | Reached skill level 10 in Armour
  9184 | D:10     | Reached skill level 13 in Maces & Flails
  9447 | D:10     | Noticed a two-headed ogre
  9460 | D:10     | Killed a two-headed ogre
  9643 | D:10     | Reached ***** piety under Trog
  9940 | D:11     | Reached skill level 14 in Maces & Flails
 10009 | D:11     | Found a staircase to the Orcish Mines.
 10145 | D:11     | Found a staircase to the Lair.
 10184 | D:11     | Reached XP level 11. HP: 89/94 MP: 10/10
 10863 | D:11     | Noticed a purple ugly thing
 10886 | D:11     | Killed a purple ugly thing
 11138 | D:11     | Reached skill level 15 in Maces & Flails
 11140 | D:11     | Received a gift from Trog
 11495 | Lair:1   | Entered Level 1 of the Lair of Beasts
 11685 | Lair:1   | Noticed an eight-headed hydra
 11688 | Lair:1   | Noticed a five-headed hydra
 11693 | Lair:1   | Killed an eight-headed hydra
 11700 | Lair:1   | Killed a five-headed hydra
 12730 | Lair:1   | Noticed Fannar
 12751 | Lair:1   | Killed Fannar
 12833 | Lair:1   | Reached XP level 12. HP: 96/104 MP: 3/11
 12840 | Lair:1   | Reached skill level 16 in Maces & Flails
 13286 | Lair:1   | Mangled by a tyrant leech

Illustrated notes

Levels and vault maps discovered:
D:1:      dpeg_arrival_simpleton_a, layout_basic
D:2:      layout_loops_ring, makhleb_heckhound_becter, uniq_crazy_yiuf_cottage,
          uniq_jessica
D:3:      layout_basic, chequers_ecumenical_altar_grove,
          chequers_serial_rivers_micro_c, interstate_on_off
D:4:      layout_basic, nicolae_ossuary_entry_ruins, serial_shops,
          kennysheep_mini_moat, kennysheep_generic_room_11
D:5:      layout_gridville, ebering_ghost_rock_garden,
          cheibrodos_sewer_entry_bend, uniq_menkaure
D:6:      layout_gridville, minmay_temple_entry_overgrown, uniq_blork_the_orc
D:7:      layout_gridville, minmay_misc_feat_ornament, grunt_decor_arrowhead,
          hangedman_abyss_or_decor_lesser_grid, kennysheep_generic_room_2,
          uniq_duvessa, uniq_joseph
D:8:      layout_gridville, tgw_sif, enter_bailey_5, uniq_harold
D:10:     layout_rooms, uniq_psyche
D:11:     layout_long_grid, erik_lair_orcish_takeover, orc_0_dummy,
          serial_undead, serial_undead_d, serial_undead_c, serial_undead_d,
          serial_undead_d, serial_undead_d, serial_undead_b, serial_undead_e,
          serial_undead_e, hangedman_decor_points
Lair:1:   beast_lair_carwin_large_2, layout_hall_layers, wad_woods_road_02,
          worms_lemuel, uniq_fannar
Lair:2:   layout_roguey, dummy_snake_entry, minivault_25, uniq_urug

Skill      XL: |  1  2  3  4  5  6  7  8  9 10 11 12 |
---------------+-------------------------------------+-----
Maces & Flails | 4 5 6 7 8 10 12 14 15 16 | 16.2
Fighting       | 4 5 6 8 9 |  9.4
Dodging        | 3 4 5 |  5.2
Armour         | 3 5 7 9 11 13 | 13.3

Action                   |  1- 3 |  4- 6 |  7- 9 | 10-12 || total
-------------------------+-------+-------+-------+-------++-------
Melee: Mace              |    71 |   135 |   175 |       ||   381
       Headbutt          |    13 |    30 |    47 |    80 ||   170
       Flail             |       |       |   101 |   287 ||   388
       Great mace        |       |       |       |   123 ||   123
Invok: Berserk           |     1 |     3 |     6 |     3 ||    13
       Trog's Hand       |       |     1 |       |       ||     1
  Use: Scroll            |     1 |       |       |     3 ||     4
 Stab: Sleeping          |     1 |       |       |       ||     1
Armor: Animal skin       |    13 |    10 |       |       ||    23
       Ring mail         |       |    17 |    38 |       ||    55
       Chain mail        |       |       |    40 |       ||    40
       Plate armour      |       |       |    28 |   228 ||   256
Dodge: Dodged            |    58 |    77 |   148 |   130 ||   413
